| TOP OF THE 1ST |
|
Roswell Invaders batting - Pitching for Colorado Avalanche : LHP Juan Vargas
|
|
Pitching: LHP Juan Vargas
|
|
|
Batting: RHB Carlos Gonzalez
|
0-0: Ball 1-0: Ball 2-0: Called Strike 2-1: Ground out 6-3 (Groundball, 6, EV 91.2 MPH)
|
|
Batting: RHB Drew Sigona
|
0-0: Ball 1-0: Called Strike 1-1: Swinging Strike 1-2: Ball 2-2: Foul Ball, location: 2F 2-2: Strikes out swinging
|
|
Batting: LHB Ivan Cortez
|
0-0: Ball 1-0: Swinging Strike 1-1: Called Strike 1-2: Strikes out swinging
|
| Top of the 1st over - 0 runs, 0 hits, 0 errors, 0 left on base; Roswell 0 - Colorado 0 |
| BOTTOM OF THE 1ST |
|
Colorado Avalanche batting - Pitching for Roswell Invaders : LHP Elias Reyes
|
|
Pitching: LHP Elias Reyes
|
|
|
Batting: RHB Keith Giarratano
|
0-0: Ball 1-0: Ball 2-0: Foul Ball, location: 2F 2-1: Foul Ball, location: 2F 2-2: Ball 3-2: Foul Ball, location: 2F 3-2: Ground out 6-3 (Groundball, 6, EV 86.2 MPH)
|
|
Batting: RHB Chris Tatum
|
0-0: Swinging Strike 0-1: Foul Ball, location: 2F 0-2: Ball 1-2: Fly out, F7 (Flyball, 7, EV 85.0 MPH)
|
|
Batting: RHB Eric Delgado
|
0-0: Fly out, F7 (Flyball, 7LS, EV 73.8 MPH)
|
| Bottom of the 1st over - 0 runs, 0 hits, 0 errors, 0 left on base; Roswell 0 - Colorado 0 |
| TOP OF THE 2ND |
|
Roswell Invaders batting - Pitching for Colorado Avalanche : LHP Juan Vargas
|
|
Batting: LHB Angelo Lira
|
0-0: Ball 1-0: Ball 2-0: Called Strike 2-1: Ground out 4-3 (Groundball, 4, EV 83.8 MPH)
|
|
Batting: LHB Julio Zamora
|
0-0: Foul Ball, location: 2F 0-1: SINGLE (Line Drive, 7LS, EV 100.6 MPH)
|
|
Batting: RHB Jason Hanson
|
0-0: Ball 1-0: Foul Ball, location: 2F 1-1: Called Strike 1-2: SINGLE (Line Drive, 6M, EV 102.5 MPH) Julio Zamora to second
|
|
Batting: LHB Adam Spence
|
0-0: Called Strike 0-1: Called Strike 0-2: Strikes out swinging
|
|
Batting: RHB Shinichi Miyamoto
|
0-0: Ball 1-0: Called Strike 1-1: SINGLE (Groundball, 34D, EV 100.6 MPH) Julio Zamora to third Jason Hanson to second Runner from 3rd tries for Home, throw by RF and OUT! 9-2
|
| Top of the 2nd over - 0 runs, 3 hits, 0 errors, 2 left on base; Roswell 0 - Colorado 0 |
| BOTTOM OF THE 2ND |
|
Colorado Avalanche batting - Pitching for Roswell Invaders : LHP Elias Reyes
|
|
Batting: RHB Xavier Williams
|
0-0: Ball 1-0: Ball 2-0: Swinging Strike 2-1: Foul Ball, location: 2F 2-2: Strikes out looking
|
|
Batting: RHB Luis Mendoza
|
0-0: Fly out, F9 (Line Drive, 89S, EV 101.9 MPH)
|
|
Batting: LHB Brian Canny
|
0-0: Called Strike 0-1: Foul Ball, location: 2F 0-2: Ball 1-2: Fly out, F9 (Line Drive, 9, EV 105.0 MPH)
|
| Bottom of the 2nd over - 0 runs, 0 hits, 0 errors, 0 left on base; Roswell 0 - Colorado 0 |
| TOP OF THE 3RD |
|
Roswell Invaders batting - Pitching for Colorado Avalanche : LHP Juan Vargas
|
|
Batting: SHB Sandy Burke
|
0-0: Swinging Strike 0-1: Called Strike 0-2: Ball 1-2: Ball 2-2: Fly out, F9 (Line Drive, 9D, EV 103.8 MPH)
|
|
Batting: RHB Carlos Gonzalez
|
0-0: SINGLE (Groundball, 6MD, EV 103.1 MPH)
|
|
Batting: RHB Drew Sigona
|
0-0: Called Strike 0-1: Swinging Strike 0-2: Ball 1-2: Strikes out swinging
|
|
Batting: LHB Ivan Cortez
|
0-0: Ball Carlos Gonzalez is caught stealing 2nd base 2-6
|
| Top of the 3rd over - 0 runs, 1 hit, 0 errors, 0 left on base; Roswell 0 - Colorado 0 |
| BOTTOM OF THE 3RD |
|
Colorado Avalanche batting - Pitching for Roswell Invaders : LHP Elias Reyes
|
|
Batting: RHB Jack Stadner
|
0-0: Called Strike 0-1: Ground out 6-3 (Groundball, 6S, EV 82.5 MPH)
|
|
Batting: LHB Rich Rauda
|
0-0: Ball 1-0: Swinging Strike 1-1: Called Strike 1-2: Foul Ball, location: 2F 1-2: Strikes out swinging
|
|
Batting: RHB Mike Chiquete
|
0-0: Ball 1-0: Swinging Strike 1-1: Called Strike 1-2: Foul Ball, location: 2F 1-2: Ball 2-2: Strikes out swinging
|
| Bottom of the 3rd over - 0 runs, 0 hits, 0 errors, 0 left on base; Roswell 0 - Colorado 0 |
| TOP OF THE 4TH |
|
Roswell Invaders batting - Pitching for Colorado Avalanche : LHP Juan Vargas
|
|
Batting: LHB Ivan Cortez
|
0-0: Ball 1-0: Called Strike 1-1: Ball 2-1: Ball 3-1: Base on Balls
|
|
Batting: LHB Angelo Lira
|
0-0: Swinging Strike 0-1: Called Strike 0-2: Foul Ball, location: 2F 0-2: SINGLE (Line Drive, 3D, EV 96.9 MPH) Ivan Cortez to second Runner from 2nd tries for 3rd, SAFE, throw by RF made to third
|
|
Batting: LHB Julio Zamora
|
0-0: Ball 1-0: Ball 2-0: Called Strike 2-1: Fly out, F7 (Flyball, 78S, EV 89.4 MPH)
|
|
Batting: RHB Jason Hanson
|
0-0: Ball Angelo Lira steals 2nd base 1-0: Ball 2-0: Ball 3-0: Called Strike 3-1: SINGLE (Line Drive, 89S, EV 96.9 MPH) Ivan Cortez scores Angelo Lira to third Runner from 3rd tries for Home, SAFE, throw by RF to home
|
|
Batting: LHB Adam Spence
|
0-0: Called Strike 0-1: Ball 1-1: Swinging Strike 1-2: Strikes out swinging
|
|
Pitching: RHP Rade Mamula
|
|
|
Batting: RHB Shinichi Miyamoto
|
0-0: Ball 1-0: Called Strike 1-1: Fly out, F8 (Flyball, 8RM, EV 76.9 MPH)
|
| Top of the 4th over - 2 runs, 2 hits, 0 errors, 1 left on base; Roswell 2 - Colorado 0 |
| BOTTOM OF THE 4TH |
|
Colorado Avalanche batting - Pitching for Roswell Invaders : LHP Elias Reyes
|
|
Batting: RHB Keith Giarratano
|
0-0: Ball 1-0: Called Strike 1-1: Foul Ball, location: 2F 1-2: Foul Ball, location: 2F 1-2: Ball 2-2: Foul Ball, location: 2F 2-2: Strikes out swinging
|
|
Batting: RHB Chris Tatum
|
0-0: Swinging Strike 0-1: Ball 1-1: Foul Ball, location: 2F 1-2: Foul Ball, location: 2F 1-2: Ball 2-2: Foul Ball, location: 2F 2-2: SINGLE (Line Drive, 4MD, EV 93.8 MPH)
|
|
Batting: RHB Eric Delgado
|
0-0: Foul Ball, location: 2F 0-1: Ball Wild Pitch! Chris Tatum to second 1-1: Foul Ball, location: 2F 1-2: Fly out, F8 (Flyball, 8RXD, EV 100.0 MPH)
|
|
Batting: RHB Xavier Williams
|
0-0: Ball 1-0: Called Strike 1-1: Ground out 6-3 (Groundball, 6, EV 84.4 MPH)
|
| Bottom of the 4th over - 0 runs, 1 hit, 0 errors, 1 left on base; Roswell 2 - Colorado 0 |
| TOP OF THE 5TH |
|
Roswell Invaders batting - Pitching for Colorado Avalanche : RHP Rade Mamula
|
|
Batting: SHB Sandy Burke
|
0-0: Fly out, F5 (Line Drive, 5, EV 65.6 MPH)
|
|
Batting: RHB Carlos Gonzalez
|
0-0: Swinging Strike 0-1: Foul Ball, location: 2F 0-2: Fly out, F9 (Flyball, 89M, EV 92.5 MPH)
|
|
Batting: RHB Drew Sigona
|
0-0: Swinging Strike 0-1: Ball 1-1: Ball 2-1: Fly out, F8 (Line Drive, 8LM, EV 92.5 MPH)
|
| Top of the 5th over - 0 runs, 0 hits, 0 errors, 0 left on base; Roswell 2 - Colorado 0 |
| BOTTOM OF THE 5TH |
|
Colorado Avalanche batting - Pitching for Roswell Invaders : LHP Elias Reyes
|
|
Batting: RHB Luis Mendoza
|
0-0: Ball 1-0: Called Strike 1-1: Ball 2-1: Fly out, F9 (Flyball, 9LD, EV 99.4 MPH)
|
|
Batting: LHB Brian Canny
|
0-0: Fly out, F7 (Flyball, 7, EV 82.5 MPH)
|
|
Batting: RHB Jack Stadner
|
0-0: Ball 1-0: Fly out, F7 (Flyball, 7S, EV 76.9 MPH)
|
| Bottom of the 5th over - 0 runs, 0 hits, 0 errors, 0 left on base; Roswell 2 - Colorado 0 |
| TOP OF THE 6TH |
|
Roswell Invaders batting - Pitching for Colorado Avalanche : RHP Rade Mamula
|
|
Batting: LHB Ivan Cortez
|
0-0: Called Strike 0-1: Ball 1-1: Ball 2-1: Foul Ball, location: 2F 2-2: Ball 3-2: Fly out, F7 (Line Drive, 78M, EV 98.8 MPH)
|
|
Batting: LHB Angelo Lira
|
0-0: Ball 1-0: Foul Ball, location: 2F 1-1: Ball 2-1: Swinging Strike 2-2: Fly out, F9 (Line Drive, 9, EV 106.2 MPH)
|
|
Batting: LHB Julio Zamora
|
0-0: DOUBLE (Flyball, 9LD, EV 88.8 MPH)
|
|
Batting: RHB Jason Hanson
|
0-0: Fly out, F9 (Flyball, 9S, EV 86.2 MPH)
|
| Top of the 6th over - 0 runs, 1 hit, 0 errors, 1 left on base; Roswell 2 - Colorado 0 |
| BOTTOM OF THE 6TH |
|
Colorado Avalanche batting - Pitching for Roswell Invaders : LHP Elias Reyes
|
|
Batting: LHB Rich Rauda
|
0-0: Ball 1-0: Ball 2-0: Foul Ball, location: 2F 2-1: Ball 3-1: Foul Ball, location: 2F 3-2: Strikes out looking
|
|
Batting: RHB Mike Chiquete
|
0-0: Called Strike 0-1: Swinging Strike 0-2: Strikes out swinging
|
|
Batting: RHB Keith Giarratano
|
0-0: Ball 1-0: Ball 2-0: Swinging Strike 2-1: Ball 3-1: Base on Balls
|
|
Batting: RHB Chris Tatum
|
0-0: Ball 1-0: Ball 2-0: Called Strike 2-1: Foul Ball, location: 2F 2-2: Ball 3-2: Foul Ball, location: 2F 3-2: SINGLE (Flyball, 3D, EV 97.5 MPH) Keith Giarratano to second Keith Giarratano to third
|
|
Batting: RHB Eric Delgado
|
0-0: Foul Ball, location: 2F 0-1: Foul Ball, location: 2F 0-2: Ball 1-2: Fly out, F8 (Line Drive, 8LD, EV 90.0 MPH)
|
| Bottom of the 6th over - 0 runs, 1 hit, 0 errors, 2 left on base; Roswell 2 - Colorado 0 |
| TOP OF THE 7TH |
|
Roswell Invaders batting - Pitching for Colorado Avalanche : RHP Rade Mamula
|
|
Batting: LHB Adam Spence
|
0-0: Foul Ball, location: 2F 0-1: Called Strike 0-2: SINGLE (Groundball, 4MD, EV 103.8 MPH)
|
|
Batting: RHB Shinichi Miyamoto
|
0-0: Sac Bunt to 2R - play at second, runner OUT! 2-6
|
|
Batting: SHB Sandy Burke
|
0-0: Ball 1-0: Ball 2-0: Called Strike 2-1: Foul Ball, location: 2F 2-2: Ball 3-2: Strikes out swinging
|
|
Batting: RHB Carlos Gonzalez
|
0-0: Called Strike 0-1: Fly out, F7 (Flyball, 78M, EV 89.4 MPH)
|
| Top of the 7th over - 0 runs, 1 hit, 0 errors, 1 left on base; Roswell 2 - Colorado 0 |
| BOTTOM OF THE 7TH |
|
Colorado Avalanche batting - Pitching for Roswell Invaders : LHP Elias Reyes
|
|
Batting: RHB Xavier Williams
|
0-0: Ball 1-0: SINGLE (Line Drive, 9S, EV 95.0 MPH)
|
|
Batting: RHB Luis Mendoza
|
0-0: Fielders Choice at 2nd, 4-6 (Groundball, 34, EV 83.1 MPH)
|
|
Pinch Hitting: RHB Bryce Hickman
|
0-0: Grounds into double play, 3-6-3 (Groundball, 23, EV 91.9 MPH)
|
| Bottom of the 7th over - 0 runs, 1 hit, 0 errors, 0 left on base; Roswell 2 - Colorado 0 |
| TOP OF THE 8TH |
|
Roswell Invaders batting - Pitching for Colorado Avalanche : RHP Rade Mamula
|
|
Now in LF: Javy Rueda
|
|
|
Batting: RHB Homer Petropoulos
|
0-0: Foul Ball, location: 2F 0-1: Ball 1-1: Foul Ball, location: 2F 1-2: Ground out 5-3 (Groundball, 56S, EV 89.4 MPH)
|
|
Batting: LHB Ivan Cortez
|
0-0: Ball 1-0: Ball 2-0: Foul Ball, location: 2F 2-1: Fly out, F5 (Popup, 6S, EV 72.5 MPH)
|
|
Batting: LHB Angelo Lira
|
0-0: Called Strike 0-1: SINGLE (Groundball, 3S, EV 63.8 MPH) (infield hit)
|
|
Batting: LHB Julio Zamora
|
0-0: Foul Ball, location: 2F 0-1: Ball 1-1: Called Strike Angelo Lira steals 2nd base 1-2: SINGLE (Groundball, 3D, EV 97.5 MPH) Angelo Lira to third Runner from 3rd tries for Home, SAFE, throw by RF to home
|
|
Pinch Hitting: LHB Jalen Williams
|
0-0: Ball 1-0: Ball 2-0: Ball 3-0: Called Strike 3-1: Foul Ball, location: 2F 3-2: 2-RUN HOME RUN (Flyball, 7D, EV 96.9 MPH), Distance : 396 ft
|
|
Batting: LHB Adam Spence
|
0-0: Ball 1-0: Ball 2-0: Ball 3-0: Foul Ball, location: 2F 3-1: Base on Balls
|
|
Pitching: RHP Joan Coucieiro
|
|
|
Batting: RHB Shinichi Miyamoto
|
0-0: Ball 1-0: Foul Ball, location: 2F 1-1: Ball 2-1: Called Strike 2-2: Ball 3-2: Base on Balls Adam Spence to second
|
|
Batting: SHB Sandy Burke
|
0-0: Fielders Choice at 2nd, 6-4 (Groundball, 6, EV 101.9 MPH)
|
| Top of the 8th over - 3 runs, 3 hits, 0 errors, 2 left on base; Roswell 5 - Colorado 0 |
| BOTTOM OF THE 8TH |
|
Colorado Avalanche batting - Pitching for Roswell Invaders : LHP Elias Reyes
|
|
Now at 1B: Shing Mah
|
|
|
Batting: RHB Jack Stadner
|
0-0: Called Strike 0-1: Swinging Strike 0-2: Hit by Pitch
|
|
Batting: LHB Rich Rauda
|
0-0: Fly out, F9 (Flyball, 9LS, EV 93.1 MPH)
|
|
Batting: RHB Mike Chiquete
|
0-0: Foul Ball, location: 2F 0-1: Called Strike 0-2: Ball 1-2: Strikes out swinging
|
|
Batting: RHB Keith Giarratano
|
0-0: Ball 1-0: Ground out 4-3 (Groundball, 4S, EV 86.2 MPH)
|
| Bottom of the 8th over - 0 runs, 0 hits, 0 errors, 1 left on base; Roswell 5 - Colorado 0 |
| TOP OF THE 9TH |
|
Roswell Invaders batting - Pitching for Colorado Avalanche : RHP Joan Coucieiro
|
|
Batting: RHB Carlos Gonzalez
|
0-0: Swinging Strike 0-1: SOLO HOME RUN (Flyball, 78XD, EV 115.6 MPH), Distance : 431 ft
|
|
Batting: RHB Homer Petropoulos
|
0-0: Ball 1-0: Ball 2-0: Called Strike 2-1: Foul Ball, location: 2F 2-2: Fly out, F9 (Line Drive, 9S, EV 110.6 MPH)
|
|
Batting: LHB Ivan Cortez
|
0-0: Ball 1-0: Foul Ball, location: 2F 1-1: Foul Ball, location: 2F 1-2: Fly out, F7 (Line Drive, 7, EV 105.6 MPH)
|
|
Batting: LHB Angelo Lira
|
0-0: Foul Ball, location: 2F 0-1: Called Strike 0-2: Ball 1-2: Ground out 6-3 (Groundball, 6, EV 103.8 MPH)
|
| Top of the 9th over - 1 run, 1 hit, 0 errors, 0 left on base; Roswell 6 - Colorado 0 |
| BOTTOM OF THE 9TH |
|
Colorado Avalanche batting - Pitching for Roswell Invaders : LHP Elias Reyes
|
|
Batting: RHB Chris Tatum
|
0-0: Foul Ball, location: 2F 0-1: Ball 1-1: Called Strike 1-2: Foul Ball, location: 2F 1-2: Fly out, F9 (Flyball, 9D, EV 86.9 MPH)
|
|
Batting: RHB Eric Delgado
|
0-0: Ball 1-0: Ball 2-0: Called Strike 2-1: Ball 3-1: Base on Balls
|
|
Batting: RHB Xavier Williams
|
0-0: Fielders Choice at 2nd, 4-6 (Groundball, 4, EV 85.0 MPH)
|
|
Batting: RHB Luis Mendoza
|
0-0: Called Strike 0-1: 2-RUN HOME RUN (Flyball, 78XD, EV 115.6 MPH), Distance : 440 ft
|
|
Batting: LHB Javy Rueda
|
0-0: Foul Ball, location: 2F 0-1: Swinging Strike 0-2: Ball 1-2: Foul Ball, location: 2F 1-2: Strikes out swinging
|
| Bottom of the 9th over - 2 runs, 1 hit, 0 errors, 0 left on base; Roswell 6 - Colorado 2 |
|